 Dungeon Crawl Stone Soup version 0.17-a0-2215-g49c1de0 (webtiles) character file.

38 HaroldButt the Insei (level 3, 0/20 HPs)
             Began as a Vine Stalker Monk on Oct 27, 2015.
             Slain by Terence
             ... wielding a +0 mace of protection
              (5 damage)
             ... on level 2 of the Dungeon.
             The game lasted 00:05:35 (1686 turns).

HaroldButt the Insei (Vine Stalker Monk)            Turns: 1686, Time: 00:05:35

Health: 0/20       AC:  2    Str: 13    XL:     3   Next: 43%
Magic:  0/4        EV: 13    Int: 10    God:
Gold:   103        SH:  0    Dex: 17    Spells: 0 memorised, 2 levels left

rFire  . . .     SeeInvis .       - Unarmed
rCold  . . .     Clarity  .     a - +0 robe
rNeg   . . .     SustAt   .     (no shield)
rPois  .         Gourm    .     (no helmet)
rElec  .         Spirit   +     (no cloak)
rCorr  .         Warding  .     (no gloves)
rMut   .         Stasis   .     (no boots)
MR     .....                    (no amulet)
Stlth  ++........               (no ring)
                                (no ring)

@: not resistant to hostile enchantments, unstealthy
A: fangs 2, regeneration 1, magic shield, antimagic bite, no device heal 3, rot
immunity
a: no special abilities


You were on level 2 of the Dungeon.
You were hungry.

You visited 1 branch of the dungeon, and saw 3 of its levels.

You collected 103 gold pieces.

Inventory:

Missiles
 e - 11 stones
 f - 7 tomahawks (quivered)
 k - 11 poisoned needles
 n - 3 curare-tipped needles
Armour
 a - a +0 robe (worn)
Scrolls
 c - 3 scrolls of teleportation {unknown}
 i - 5 scrolls of identify {unknown}
 j - a scroll of magic mapping {unknown}
 l - a scroll of blinking {unknown}
 m - a scroll of random uselessness {unknown}
Potions
 d - a potion of lignification
 g - a potion of might
 h - a potion of heal wounds {unknown}
 p - a potion of magic {unknown}
Comestibles
 b - 3 bread rations
 o - a chunk of flesh


   Skills:
 + Level 3.2 Fighting
 - Level 2.4 Dodging
 - Level 2.8 Stealth
 * Level 4.5 Unarmed Combat


You had 2 spell levels left.
You didn't know any spells.

Dungeon Overview and Level Annotations

Branches:
Dungeon (3/15)

Altars:

Annotations:
D:2 Terence


Innate Abilities, Weirdness & Mutations

You have extremely sharp teeth.
Your natural rate of healing is unusually fast.
When hurt, damage is shared between your health and your magic reserves.
Your bite disrupts and absorbs the magic of your enemies.
Potions and wands cannot restore your health.
You are immune to rotting.


Message History

Terence shouts, "Now you die!" Terence shouts, "Now you die!"
The bat completely misses you.
You barely miss Terence.
Terence is almost dead.
The bat hits you but does no damage.
You hit Terence but do no damage.
Terence is almost dead.
Terence misses you. The bat closely misses you.
You barely miss Terence. You punch Terence, but do no damage.
You bite Terence, but do no damage.
Terence is almost dead.
The bat hits you but does no damage. The bat barely misses you.
Terence hits you with a mace of protection!
* * * LOW HITPOINT WARNING * * *
You barely miss Terence. Your bite misses Terence.
Terence is almost dead.
The bat closely misses you. The bat hits you but does no damage.
Terence hits you with a mace of protection!
You die... #.##.#...##.......# #.## ########.##....<##..###..####..< ##PPPPPPP.PPP.................... ......P.P.P.P#..###..#.#..#####.. #.P.P.P.P.P.P...###..#.#..# #.. #.P.P.P.P......<...g......# #.. ##P.PPP.P.PPP...g####...### ##. #P.........P#.#@# #...# #. #PPP.PPP.PPP..#@#

#...# #. ##P...P.P.P.P.##b# #...#
### ..P.PPP.P.P.Pb##.#
#.).#######..
..P.....P...P....####........##.#
..P.P.PPPPPPP.#...............#.#
..P.P.......P.........[..........
..PPPPPPP.PPP.#..........>....#.#
.....รท###..##.#####.#...#.##.##.#
....)..)...##.## #.#........##..


You could see Terence, a goblin and a bat.

Vanquished Creatures
  An adder (D:2)
  An ooze (D:1)
  A giant gecko (D:1)
  A ball python (D:2)
  2 giant cockroaches (D:2)
  4 goblins
  4 hobgoblins
  2 kobolds (D:1)
  A bat (D:2)
  3 giant newts
  5 rats
25 creatures vanquished.

Notes
Turn   | Place    | Note
--------------------------------------------------------------
     0 | D:1      | HaroldButt the Vine Stalker Monk began the quest for the Orb.
     0 | D:1      | Reached XP level 1. HP: 11/11 MP: 2/2
   326 | D:1      | Reached XP level 2. HP: 11/16 MP: 1/3
   961 | D:2      | Reached XP level 3. HP: 2/20 MP: 0/4
   967 | D:2      | HP: 1/30 [poisoned by an adder]
  1557 | D:3      | Noticed Terence
  1686 | D:2      | Slain by Terence

Vault maps used:
D:1:      dpeg_arrival_erosion
D:2:      minmay_hedge_maze
D:3:      first_bread, uniq_terence

Action                   || total
-------------------------++-------
Melee: Unarmed           ||   142
Throw: Stone             ||     4
  Use: Potion            ||     3
 Stab: Sleeping          ||     4
  Eat: Chunk             ||     2
